 Dungeon Crawl Stone Soup version 0.29-a0-334-gb41bcbb86e (webtiles) character file.

Game seed: 1938200523627179245

202 spaghetti the Covered (level 5, 5/39 HPs)
             Began as a Demonspawn Gladiator on Apr 14, 2022.
             Was a Believer of Wu Jian.
             Quit the game on level 3 of the Dungeon.
             The game lasted 00:04:55 (3698 turns).

spaghetti the Covered (Demonspawn Gladiator)        Turns: 3698, Time: 00:04:55

Health: 5/39       AC:  9    Str: 14    XL:     5   Next: 50%
Magic:  5/5        EV: 10    Int: 18    God:    Wu Jian [**....]
Gold:   161        SH:  0    Dex: 20    Spells: 4/4 levels left

rFire   . . .      SeeInvis .   a - +0 quarterstaff {staff}
rCold   . . .      Faith    .   (shield currently unavailable)
rNeg    . . .      Spirit   .   l - +0 scale mail
rPois   .          Reflect  .   c - +0 helmet
rElec   .          Harm     .   (no cloak)
rCorr   .          Rampage  .   (no gloves)
Will    .....                   (no boots)
Stlth   ..........              (no amulet)
HPRegen 0.13/turn               f - +6 ring of intelligence
MPRegen 0.09/turn               p - +6 ring of dexterity

@: lethally poisoned (5 -> -10)
A: rugged brown scales 1, weakness stinger 1
a: Renounce Religion, Wall Jump


You were on level 3 of the Dungeon.
You worshipped Wu Jian.
Wu Jian was pleased with you.
You visited 1 branch of the dungeon, and saw 4 of its levels.

You collected 161 gold pieces.


Innate Abilities, Weirdness & Mutations

You are partially covered in rugged brown scales. (AC +1, +3% HP)
You have a small tail.


   Skills:
 - Level 2.0 Fighting
 - Level 2.6 Staves
 - Level 1.7 Throwing
 + Level 4.9 Armour
 - Level 2.6 Dodging


You had 4 spell levels left.
You didn't know any spells.
Your spell library was empty.

Inventory:

Hand Weapons
 a - a +0 quarterstaff (weapon) {staff}
Missiles
 d - 3 throwing nets {=f!fthrowing}
 e - a javelin {throwing}
 g - 63 stones (quivered) {throwing}
 j - 6 poisoned darts {throwing}
 q - 12 boomerangs {throwing}
Armour
 b - an orb of mayhem
   (You found it on level 1 of the Dungeon)
 c - a +0 helmet (worn)
 l - a +0 scale mail (worn)
   (You found it on level 1 of the Dungeon)
Jewellery
 f - a +6 ring of intelligence (left hand)
   (You found it on level 1 of the Dungeon)
 p - a +6 ring of dexterity (right hand)
   (You found it on level 2 of the Dungeon)
Wands
 t - a wand of charming (5)
   (You found it on level 2 of the Dungeon)
Scrolls
 h - a scroll of fog {unknown}
 i - a scroll of noise {unknown}
 k - 3 scrolls of identify {unknown}
 m - a scroll of teleportation {unknown}
 n - a scroll of enchant armour {unknown}
 o - a scroll of immolation {unknown}
 u - a scroll of summoning {unknown}
 v - a scroll of torment {unknown}
Potions
 x - a potion of haste {@q3}

Dungeon Overview and Level Annotations

Branches:
Dungeon (4/15)
 Temple: D:4-7

Altars:
Uskayaw
Vehumet
Wu Jian

.# #....##.#####.#.####.#
.# #....................#
.# #....##.#####.#.######
.###....#..# #.#.#
..##....#..# #.#.#
..#####.#..# #.#.# ..#
#.#..#####.#.# ..#
#.#........y.####### ..#
#.##.#####@........# ..#
#†##.# ########.## ..#
#.##.# #.# ..# #.##.# #.#
..#####....# #######.#
..##..#..########.......#
..................#.###.#
.#......#####.#####.###.#
.#......>...#.####...####


You could see a friendly killer bee (charmed).


Message History

You see here an adder corpse. 😕 HP[+1] Done exploring. 😎 HP[+2]
Your hp is fully restored (39).
Done exploring.
Done exploring.
Done exploring.
No target in view!
Done exploring.
(D) Dungeon
Where to? (Enter - D:3, ? - help)
There is a stone staircase leading down here.
You climb downwards.
The water moccasin hisses angrily.
The killer bee buzzes angrily.
You hear an angry hiss.
There is a stone staircase leading up here.
There are monsters nearby!
Unknown command.
Unknown command.
There are monsters nearby!
There are monsters nearby!
A killer bee comes into view.
The killer bee buzzes angrily.
You hear a shout!
The killer bee stings you. The killer bee closely misses you.
You climb upwards.
There is a stone staircase leading down here. 😕 HP[-5]
You take 5 damage, and now have 34/39 hp.
You miss the killer bee. The killer bee stings you.
You are poisoned.
The killer bee poisons you! The killer bee stings you.
You are more poisoned.
The killer bee poisons you! 😮 HP[-5]
You take 5 damage, and now have 29/39 hp.
Unknown command.
Unknown command.
You hit the killer bee.
You feel very sick. The killer bee closely misses you.
The killer bee stings you but does no damage. 😮 HP[-5]
You take 5 damage, and now have 24/39 hp.
You closely miss the killer bee.
You feel very sick. The killer bee barely misses you.
The killer bee stings you but does no damage.
The killer bee stings you.
* * * LOW HITPOINT WARNING * * *
😨 HP[-9]
You take 9 damage, and now have 15/39 hp.
MASSIVE DAMAGE!! (PAUSE)
You feel much better.
You feel sick. The killer bee closely misses you.
The killer bee stings you but does no damage. 😕 HP[+22]
You regained 22 hp, and now have 37/39 hp.
You barely miss the killer bee.
You feel very sick. The killer bee stings you!
You are more poisoned.
The killer bee poisons you! The killer bee misses you. 😮 HP[-10]
You take 10 damage, and now have 27/39 hp.
MASSIVE DAMAGE!! (PAUSE)
Aiming: Charm
Press: ? - help, Shift-Dir - straight line, f - killer bee
Aim: a killer bee (lightly wounded, chance to affect: 57%)
The killer bee resists with significant effort.
You feel very sick. The killer bee stings you.
* * * LOW HITPOINT WARNING * * *
You are lethally poisoned!
The killer bee poisons you! The killer bee stings you.
* * * LOW HITPOINT WARNING * * *
😨 HP[-13]
You take 13 damage, and now have 14/39 hp.
MASSIVE DAMAGE!! (PAUSE)
Aiming: Charm
Press: ? - help, Shift-Dir - straight line, f/p - killer bee
Aim: a killer bee (lightly wounded, chance to affect: 57%)
The killer bee resists with significant effort.
* * * LOW HITPOINT WARNING * * *
You feel very sick.
The killer bee stings you but does no damage. x2 😱 HP[-5]
You take 5 damage, and now have 9/39 hp.
Aiming: Charm
Press: ? - help, Shift-Dir - straight line, f/p - killer bee
Aim: a killer bee (lightly wounded, chance to affect: 57%)
The killer bee is charmed.
* * * LOW HITPOINT WARNING * * *
You feel very sick. 😱 HP[-4]
You take 4 damage, and now have 5/39 hp.
You don't know any spells.
You are lethally poisoned (5 -> -10).
Your movement speed is average.
Your attack delay is about 1.1.
Your base attributes are Str 14, Int 12, Dex 14.
Are you sure you want to abandon this character and quit the game? (Confirm with "yes".)

Skill      XL: |  1  2  3  4 |
---------------+-------------+-----
Armour         | 1 2 3 4 |  4.9
Fighting       | |  2.0
Staves         | |  2.6
Throwing       | |  1.7
Dodging        | |  2.6

Action                   |  1- 3 |  4- 6 || total
-------------------------+-------+-------++-------
Melee: Quarterstaff      |   107 |    96 ||   203
       Tailslap          |    16 |     8 ||    24
Invok: Lunge             |     9 |     5 ||    14
       Whirlwind         |     1 |       ||     1
Evoke: Wand              |       |     3 ||     3
  Use: Potion            |     1 |     5 ||     6
 Stab: Sleeping          |     1 |       ||     1
Armor: Leather armour    |     4 |       ||     4
       Scale mail        |    17 |    57 ||    74
Dodge: Dodged            |    36 |    49 ||    85

Levels and vault maps discovered:
D:1:      minmay_arrival_arboretum_small, layout_loops_ring,
          shapermc_ecumenical_altar_gd, nrook_uturn
D:2:      layout_basic, serial_undead, serial_undead_f, serial_undead_d,
          serial_undead_b, serial_undead_c, serial_undead_a, serial_undead_f,
          basic_altar
D:3:      layout_basic, overflow_temple_1_default, serial_curves,
          eino_curves_02, eino_curves_04, eino_curves_03, amethyst_killhole,
          minmay_misc_feat_roman, kennysheep_generic_room_14
D:4:      layout_basic, nicolae_shop_firing_range, uniq_duvessa, uniq_sigmund,
          uniq_natasha, uniq_grinder, uniq_edmund

Notes
Turn   | Place    | Note
-------+----------+-------------------------------------------
     0 | D:1      | spaghetti the Demonspawn Gladiator began the quest for the
                  | Orb.
     0 | D:1      | Reached XP level 1. HP: 16/16 MP: 1/1
     0 | D:1      | magus.rc [v1.9.6]
   124 | D:1      | Reached skill level 1 in Armour
   348 | D:1      | Gained mutation: You have a small tail. [demonic ancestry]
   348 | D:1      | Reached XP level 2. HP: 22/22 MP: 2/2
   501 | D:1      | Reached skill level 2 in Armour
   692 | D:1      | Gained mutation: You are partially covered in rugged brown
                  | scales. (AC +1, +3% HP) [demonic ancestry]
   692 | D:1      | Reached XP level 3. HP: 19/27 MP: 3/3
   781 | D:1      | Found a faded altar of an unknown god.
   848 | D:1      | Prayed at the altar of an unknown god.
   848 | D:1      | Became a worshipper of the Wu Jian Council
   848 | D:1      | Reached * piety under Wu Jian
  1610 | D:2      | Reached skill level 3 in Armour
  1985 | D:2      | Reached XP level 4. HP: 33/33 MP: 4/4
  2282 | D:2      | Found a hide-covered altar of Uskayaw.
  2324 | D:2      | Reached ** piety under Wu Jian
  2901 | D:3      | Reached skill level 4 in Armour
  3275 | D:3      | Noticed a scorpion
  3298 | D:3      | Killed a scorpion
  3299 | D:3      | Reached XP level 5. HP: 34/39 MP: 5/5
  3579 | D:3      | Found a radiant altar of Vehumet.
  3686 | D:4      | Noticed a water moccasin
  3696 | D:3      | HP: 9/39 [poisoned by a killer bee]
  3698 | D:3      | Quit the game

Vanquished Creatures
  A scorpion (D:3)
  5 adders
  An adder skeleton (D:2)
  4 worms
  4 dart slugs
  An orc (D:3)
  5 endoplasms
  5 giant cockroaches
  4 goblins
  6 hobgoblins
  2 jackals (D:3)
  7 kobolds
  9 ball pythons
  2 ball python skeletons (D:2)
  2 ball python zombies (D:2)
  5 bats
  4 frilled lizards
  11 rats
78 creatures vanquished.

Vanquished Creatures (others)
  A demonic plant (D:1)
  3 withered plants
4 creatures vanquished.

Grand Total: 82 creatures vanquished

Table legend:
 A = Non-vault XP
 B = Vault XP
 C = Vault XP percentage of total XP
 D = Non-vault monster count
 E = Vault monster count
 F = Vault count percentage of total count
                 A         B        C        D         E       F
            +---------+---------+-------+---------+---------+-------
      Total |     278 |      11 |   3.8 |      72 |       6 |   7.7
            +---------+---------+-------+---------+---------+-------
        D:1 |      57 |       0 |   0.0 |      32 |       0 |   0.0
        D:2 |      68 |       9 |  11.7 |      21 |       5 |  19.2
        D:3 |     153 |       2 |   1.3 |      19 |       1 |   5.0
            +---------+---------+-------+---------+---------+-------

Illustrated notes

Table legend:
 A = Kills in this place as a percentage of kills in entire the game.
 B = Kills by you in this place as a percentage of kills by you in the entire game.
 C = Kills by friends in this place as a percentage of kills by friends in the entire game.
 D = Other kills in this place as a percentage of other kills in the entire game.
 E = Experience gained in this place as a percentage of experience gained in the entire game.
 F = Experience gained in this place divided by the number of levels of this place that you have seen.
                   A       B       C       D       E      F
               +-------+-------+-------+-------+-------+----------------------
         Total | 100.0 | 100.0 |   N/A |   N/A | 100.0 |  72.2
       Dungeon | 100.0 | 100.0 |   N/A |   N/A | 100.0 |  72.2
               +-------+-------+-------+-------+-------+----------------------

Table legend: (Time is in decaauts)
 A = Elapsed time spent in this place.
 B = Non-inter-level travel time spent in this place.
 C = Inter-level travel time spent in this place.
 D = Time resting spent in this place.
 E = Time spent auto-exploring this place.
 F = Levels seen in this place.
 G = Mean time per level.
                   A        B        C        D        E       F      G
               +--------+--------+--------+--------+--------+-----+--------+
         Total |   3711 |   3522 |    189 |    401 |   2610 |   4 |  927.8 |
       Dungeon |   3711 |   3522 |    189 |    401 |   2610 |   4 |  927.8 |
               +--------+--------+--------+--------+--------+-----+--------+

Top non-repeatable levels by time:
     D:2: 1311 daAuts
     D:1: 1298 daAuts
     D:3: 1098 daAuts
     D:4: 2 daAuts
